Map: Prüfung von Aiur LE

Players

Panda

  • Race: Zerg Zerg
  • League: Diamond
  • Spawn Location: 5:00

Cпб - Winner!

  • Race: Terran Terran
  • League: Diamond
  • Spawn Location: 11:00

VOD

Have the link to the VOD?

Description

Time

  • Played on: Sept. 9, 2017, 4:24 p.m.
  • Length: 3:38
Show
View Real Time Build Order
Export as new Build Order

Panda Zerg 

Build Orders: Pool Only 

Get SALT Encoding   

  12  0:01  Drone  
  13  0:16  Extractor  
  12  0:26  Spawning Pool  
  12  0:28  Drone  
  12  0:33  Drone  
  13  0:38  Drone  
  14  0:47  Overlord  
  14  1:12  Zergling x6  
  14  1:16  Queen  
  19  1:25  Metabolic Boost  
  19  1:30  Zergling x2  
  20  1:37  Zergling x2  
  21  1:46  Baneling Nest  
  20  1:48  Zergling x2  
  21  1:58  Overlord  
  21  2:06  Zergling x2  
  21  2:20  Zergling x2  
  22  2:26  Zergling x6  
  25  2:33  Baneling x4  
  25  2:36  Zergling x2  
  26  2:46  Zergling x2  
  26  3:05  Zergling x8  
  26  3:07  Baneling x3  
  26  3:16  Zergling x2  
Show
View Real Time Build Order
Export as new Build Order

Cпб Terran - Winner!

Build Orders:  

Get SALT Encoding   

  12  0:01  SCV  
  13  0:13  SCV  
  14  0:18  Supply Depot  
  14  0:25  SCV  
  15  0:40  SCV  
  15  0:42  Barracks  
  16  0:46  Refinery  
  16  0:52  SCV  
  17  1:00  Barracks  
  17  1:04  SCV  
  18  1:13  Refinery  
  18  1:16  SCV  
  19  1:30  Marine  
  21  1:33  Orbital Command  
  20  1:48  Supply Depot, Marine  
  20  1:49  Marine  
  22  1:59  SCV  
  23  2:06  Engineering Bay  
  23  2:09  Marine  
  23  2:16  Marine  
  23  2:18  SCV  
  25  2:27  Marine  
  26  2:30  SCV  
  27  2:40  Factory  
  27  2:41  Marine  
  27  2:43  SCV  
  29  2:47  Marine  
  30  2:55  SCV  
  31  3:19  Barracks Tech Lab  
  31  3:27  Starport  
  31  3:30  Factory Reactor  
Tags
 
Matchup
TvZ
Opening
Pool Only
Replay Pack
replays1
Spawn Locations
Cross Positions
Add a new tag
Caveats
  • Supply blocks, unpowered buildings, or Contaminate may cause inaccurate times.
  • Supply counts are checked every 10 seconds.